 Dungeon Crawl Stone Soup version 0.30.0-29-ga12c61a403 (webtiles) character file.

Game seed: 16538651062215306831

75278 ChadusMaximus the Peltast (level 15, -8/93 (125) HPs)
             Began as a Formicid Fighter on June 18, 2023.
             Was a High Priest of Okawaru.
             Killed from afar by a shadow dragon (58 damage)
             ... with a bolt of negative energy
             ... on level 12 of the Dungeon.
             The game lasted 00:43:12 (22746 turns).

ChadusMaximus the Peltast (Formicid Fighter)       Turns: 22746, Time: 00:43:13

HP:   -8/93 (125)   AC: 20    Str: 33    XL:     15   Next: 97%
MP:   19/20         EV: 10    Int:  6    God:    Okawaru [*****.]
Gold: 2358          SH: 24    Dex: 13    Spells: 14/14 levels left

rFire   + . .        d - +3 broad axe (freeze)
rCold   + . .        h - +3 tower shield
rNeg    . . .        T - +0 plate armour
rPois   +            (helmet unavailable)
rElec   +            l - scarf "Sainaoch" {rC+ rF+, rElec Regen+ Stlth-}
rCorr   .            q - +0 pair of gloves
SInv    +            (no boots)
Will    ++...        L - amulet "Doxo" {rPois Regen+ Int-3 Slay+4} Stlth
                     R - ring of willpower
HPRegen 1.95/turn    n - +6 ring of strength
MPRegen 0.17/turn

%: no passive effects
@: heroic, very heavily drained
A: permanent stasis, dig shafts and tunnels, antennae 3, four strong arms
a: Dig, Shaft Self, Renounce Religion, Heroism, Finesse, Duel


You were on level 12 of the Dungeon.
You worshipped Okawaru.
Okawaru was extremely pleased with you.
You visited 4 branches of the dungeon, and saw 22 of its levels.
You also visited: Sewer, Ossuary, Gauntlet and Ice Cave.

You collected 2862 gold pieces.
You spent 504 gold pieces at shops.

Inventory:

Hand Weapons
 d - a +3 broad axe of freezing (weapon)
 w - the +0 hand axe of the Magi {speed, rF- Str+9 Int-4 SInv}
   (You found it on level 4 of the Dungeon)

   Str:       It affects your strength (+9).
   Int:       It affects your intelligence (-4).
   rF:        It makes you vulnerable to fire.
   SInv:      It lets you see invisible.
Missiles
 O - 7 boomerangs (quivered)
 V - a silver javelin
Armour
 h - a +3 tower shield (worn)
 l - the scarf "Sainaoch" (worn) {rC+ rF+, rElec Regen+ Stlth-}
   (Okawaru gifted it to you in an ice cave)

   rElec:     It insulates you from electricity.
   Regen:     It increases your rate of health regeneration.
   Stlth:     It makes you less stealthy.
 q - a +0 pair of gloves (worn)
 A - a +2 hat
 T - a +0 plate armour (worn)
Jewellery
 n - a +6 ring of strength (right hand)
 L - the amulet "Doxo" (around neck) {rPois Regen+ Int-3 Slay+4}
   (You took it off a gnoll on level 6 of the Dungeon)

   [amulet of regeneration]

   Int:       It affects your intelligence (-3).
   Slay:      It affects your accuracy & damage with ranged weapons and melee
   (+4).
   rPois:     It protects you from poison.
   Regen:     It increases your rate of health regeneration.
 R - a ring of willpower (left hand)
Wands
 c - a wand of flame (43)
 M - a wand of polymorph (21)
 U - a wand of roots (11)
 W - a wand of digging (6)
 X - a wand of mindburst (18)
 Y - a wand of quicksilver (9)
Scrolls
 f - 3 scrolls of brand weapon
 g - 2 scrolls of enchant weapon
 i - a scroll of butterflies
 k - a scroll of torment
 o - 2 scrolls of immolation
 s - a scroll of fear
 x - 6 scrolls of amnesia
 y - 2 scrolls of magic mapping
 B - a scroll of noise
 C - a scroll of silence
 F - 6 scrolls of fog
 J - 3 scrolls of poison
 N - 3 scrolls of vulnerability
 Q - 4 scrolls of blinking
Potions
 a - a potion of ambrosia {unknown}
 b - 4 potions of flight {unknown}
 e - 5 potions of lignification
 j - a potion of cancellation {unknown}
 m - 5 potions of mutation {unknown}
 p - 3 potions of degeneration {unknown}
 r - 7 potions of curing
 t - 7 potions of attraction
 v - 2 potions of heal wounds
 z - 2 potions of magic {unknown}
 G - 2 potions of resistance {unknown}
 H - 3 potions of brilliance {unknown}
 P - a potion of berserk rage {unknown}
 Z - a potion of invisibility {unknown}


   Skills:
 + Level 13.9(18.9) Fighting
 + Level 12.6(17.6) Axes
 - Level 10.2(15.2) Throwing
 + Level 13.9(18.9) Armour
 + Level 16.3(21.3) Shields
 - Level 7.7 Invocations


You had 14 spell levels left.
You didn't know any spells.
Your spell library contained the following spells:

 Spells                   Type           Power      Damage    Failure   Level
 Foxfire                  Conj/Fire      0%         2x1d4     95%         1
 Sandblast                Erth           0%         2d4       95%         1
 Shock                    Conj/Air       0%         1d3       95%         1
 Ensorcelled Hibernation  Hex/Ice        0%         N/A       99%         2
 Momentum Strike          Conj/Tloc      0%         3d8       99%         2
 Passwall                 Tmut/Erth      0%         N/A       99%         2
 Scorch                   Fire           0%         2d5       99%         2
 Wereblood                Tmut           0%         N/A       99%         2
 Portal Projectile        Hex/Tloc       0%         N/A       100%        3
 Spider Form              Tmut/Pois      0%         N/A       100%        3
 Stone Arrow              Conj/Erth      0%         3d7       100%        3
 Teleport Other           Tloc           0%         N/A       100%        3
 Volatile Blastmotes      Fire/Tloc      0%         2d10      100%        3
 Airstrike                Air            0%         2d(0-16)  100%        4
 Anguish                  Hex/Necr       0%         N/A       100%        4
 Flame Wave               Conj/Fire      0%         2d4       100%        4
 Fulminant Prism          Conj/Hex       0%         3d5       100%        4
 Iskenderun's Mystic Bla  Conj/Tloc      0%         2d3       100%        4
 Fireball                 Conj/Fire      0%         3d3       100%        5
 Lee's Rapid Deconstruct  Erth           0%         3d4*      100%        5
 Eringya's Noxious Bog    Tmut/Pois      0%         N/A       100%        6
 Plasma Beam              Fire/Air       0%         2x1d11    100%        6
 Starburst                Conj/Fire      0%         6d3       100%        6
 Swiftness                Air            Unusable   N/A       N/A         3
 Summon Forest            Summ/Tloc      Unusable   N/A       N/A         5
 Summon Cactus Giant      Summ           Unusable   N/A       N/A         6

Dungeon Overview and Level Annotations

Branches:
Dungeon (14/15)            Temple (1/1) D:6            Lair (5/5) D:10
 Shoals (0/4) Lair:3        Snake (0/4) Lair:2        Slime (0/5) Lair:4
    Orc (2/2) D:11            Elf (0/3) Orc:2         Sewer (visited)
Ossuary (visited)           IceCv (visited)         Gauntlet (visited)
 Vaults: D:13-14

Altars:
Ashenzari
Cheibriados
Elyvilon
Fedhas
Gozag
Hepliaklqana
Kikubaaqudgha
Makhleb
Nemelex Xobeh
Okawaru
Ru
Sif Muna
Uskayaw
Vehumet
Wu Jian
Xom
Zin
The Shining One
Jiyva

Shops:
D:3 (   D:5 =   D:6 *   D:11 [   D:13 *   Orc:2 ((==

Portals:
Hell: Lair:5
Trove: D:11 (give +6 demon blade)

Annotations:
D:13 3 runed translucent doors, Kokhlaf's ghost, journeyman DECj


Innate Abilities, Weirdness & Mutations

You cannot be hasted, slowed, berserked, paralysed or teleported.
You can dig through walls and to a lower floor.
You have a pair of large antennae on your head. (SInv)
Your four strong arms can wield two-handed weapons with a shield.


Message History

The centaur warrior shoots an arrow.
You block the arrow.
There is a stone staircase leading up here.
Throw: throwing net
Press: ? - help, Q - select action, (/) - cycle Shift-Dir - straight line, f - shadow dragon
Aim: a shadow dragon (75% to hit, immune to nets)
You throw a throwing net.
The throwing net hits the shadow dragon.
The shadow dragon is too large for the net to hold!
The centaur shoots an arrow.
You block the arrow.
Throw: 7 boomerangs
Press: ? - help, Q - select action, (/) - cycle Shift-Dir - straight line, f/p - shadow dragon
Aim: a shadow dragon (75% to hit)
You throw a boomerang.
The boomerang closely misses the shadow dragon.
Throw: 7 boomerangs
Press: ? - help, Q - select action, (/) - cycle Shift-Dir - straight line, f/p - shadow dragon
Aim: a shadow dragon (75% to hit)
You throw a boomerang.
The boomerang hits the shadow dragon but does no damage.
The centaur warrior shoots an arrow.
You block the arrow.
Throw: 7 boomerangs
Press: ? - help, Q - select action, (/) - cycle Shift-Dir - straight line, f - centaur warrior, p - shadow dragon
Aim: a centaur warrior, wielding a +0 shortbow and wearing the amulet "Ohoshr Suul" {RegenMP Fly rCorr Str+4} (79% to hit)
You throw a boomerang.
The boomerang hits the centaur warrior!!
The centaur warrior is heavily wounded.
The centaur warrior shoots an arrow.
You block the arrow.
The centaur shoots an arrow.
You block the arrow.
The centaur warrior shoots an arrow.
You block the arrow.
The shadow dragon breathes negative energy at you.
The bolt of negative energy hits you!!!
You feel drained.
You climb upwards.
There is a stone staircase leading down here.
Unknown command.
You slice the shadow dragon!!
The shadow dragon is lightly wounded.
The shadow dragon breathes negative energy at you.
The bolt of negative energy hits you!!!
You feel drained.
Ouch! That really hurt!
You die...

............# #.....'....#....
............# #....##....###..
.......?....######....#.......#..
......................####....#..
..#############.<........####+#..
..#...........#..................
###...........#..(...######......
#.............##'#####....#......
#....#######....@.........#......
.....# #....D.........#......
.....# #..............#......
.....# #..............#......
.....#######....######....#......
................#....#....#......
#############...#....#..###......
............#...#....#..#........
............#...#....#..#........


You could see a shadow dragon (catching breath).

Vanquished Creatures
  Gastronok (D:12)
  Kirke (D:13)
  An orc warlord (Orc:1)
  A minotaur (Gauntlet)
  Nessos (Lair:4)
  Josephine (Lair:4)
  A great orb of eyes (Gauntlet)
  5 hydras
  3 two-headed ogres
  4 boulder beetles
  6 death yaks (Lair:5)
  2 orc high priests
  A skyshark (Lair:5)
  A sixfirhy (Lair:5)
  2 skeletal warriors (D:13)
  A wizard (Lair:5)
  A lindwurm (Lair:2)
  Pikel (D:7)
  3 orc knights (Orc:1)
  A deep elf pyromancer (D:13)
  5 orc sorcerers
  An oklob plant (Lair:3)
  6 ugly things
  A salamander (Lair:2)
  2 manticores
  4 cyclopes
  A worldbinder (Gauntlet)
  11 elephants
  6 black mambas
  A water nymph (Lair:3)
  A torpor snail (Gauntlet)
  A smoke demon (Lair:5)
  Joseph (D:7)
  2 orange demons (Lair:5)
  Maggie (Lair:1)
  3 gargoyles
  13 cane toads
  8 komodo dragons
  6 rime drakes
  3 red devils (Lair:5)
  An ice devil (Lair:5)
  A tengu conjurer (D:13)
  An efreet (D:13)
  A freezing wraith (IceCv)
  6 trolls
  3 polar bears
  22 blink frogs
  A centaur simulacrum (D:13)
  3 slime creatures (D:12)
  A wyvern (D:10)
  2 shadows
  3 hogs (D:13)
  10 wraiths
  23 yaks
  A basilisk (Lair:5)
  2 steam dragons (D:8)
  10 vampire mosquitoes
  11 wargs
  An acid dragon (D:12)
  3 hell hounds (Lair:5)
  Duvessa (D:8)
  8 water moccasins
  27 orc warriors
  A sky beast (D:6)
  2 black bears
  3 ice beasts (D:10)
  3 boggarts (Gauntlet)
  2 ogres
  12 centaurs
  15 wolves
  A phantom (D:5)
  6 kobold brigands
  2 gnoll sergeants
  13 bullfrogs
  3 scorpions
  2 water moccasin zombies (D:4)
  2 elf skeletons (D:6)
  10 wights
  Dowan (D:8)
  11 killer bees
  2 howler monkeys (D:10)
  An electric eel (Lair:2)
  4 lava snakes (Lair:2)
  4 hounds
  14 orc priests
  A jelly (D:5)
  A gnoll bouda (D:7)
  Natasha (thrice) (D:2)
  3 iguanas
  2 sleepcaps
  A scorpion zombie (D:4)
  39 orc wizards
  3 human skeletons (D:6)
  3 wolf simulacra (IceCv)
  A hound zombie (D:4)
  A mummy (Ossuary)
  14 gnolls
  12 adders
  A shadow imp (D:6)
  17 white imps
  3 adder zombies (D:4)
  An adder skeleton (D:4)
  7 dart slugs
  64 orcs
  6 bats
  9 endoplasms
  5 giant cockroaches
  2 goblins
  7 hobgoblins
  8 jackals
  5 quokkas
  5 ball pythons
  4 frilled lizards
  9 gnoll skeletons (Ossuary)
  33 kobolds
  3 kobold skeletons (Ossuary)
  14 orc skeletons
  30 rats
688 creatures vanquished.

Vanquished Creatures (others)
  A centaur warrior (D:13)
  An orc wizard (Orc:2)
  An orc (Orc:2)
3 creatures vanquished.

Grand Total: 691 creatures vanquished

Notes
Turn   | Place    | Note
-------+----------+-------------------------------------------
     0 | D:1      | ChadusMaximus the Formicid Fighter began the quest for the
                  | Orb.
     0 | D:1      | Reached XP level 1. HP: 18/18 MP: 1/1
     2 | D:1      | Noticed an ogre
     2 | D:1      | Noticed a demonspawn
     4 | D:1      | Noticed a felid
     6 | D:1      | Noticed a ghoul
     6 | D:1      | Noticed an elf
     8 | D:1      | Noticed a vine stalker
    10 | D:1      | Noticed a human
    10 | D:1      | Noticed a naga
    12 | D:1      | Noticed a draconian
    12 | D:1      | Noticed a vampire
    14 | D:1      | Noticed a spriggan
    14 | D:1      | Noticed a gargoyle
    16 | D:1      | Noticed a meteoran
    18 | D:1      | Noticed a troll
    18 | D:1      | Noticed a minotaur
    20 | D:1      | Noticed a merfolk
    20 | D:1      | Noticed a formicid
    22 | D:1      | Noticed a tengu
    22 | D:1      | Noticed an armataur
    24 | D:1      | Noticed a gargoyle
    24 | D:1      | Noticed a demigod
    26 | D:1      | Noticed a naga
    26 | D:1      | Noticed a felid
   114 | D:1      | Reached XP level 2. HP: 16/24 MP: 2/2
   198 | D:1      | Reached XP level 3. HP: 29/29 MP: 3/3
   890 | D:2      | Reached XP level 4. HP: 37/37 MP: 4/4
   902 | D:2      | Noticed Natasha
   909 | D:2      | Killed Natasha
   972 | D:2      | Noticed Natasha
   980 | D:2      | Killed Natasha
   981 | D:2      | Reached skill level 5 in Shields
   981 | D:2      | Reached XP level 5. HP: 33/42 MP: 5/5
  1080 | D:2      | Noticed Natasha
  1089 | D:2      | Killed Natasha
  1759 | D:3      | Reached XP level 6. HP: 42/49 MP: 6/6
  1936 | D:3      | Found Cimp's Antique Weapon Shoppe.
  2082 | D:3      | Found a hide-covered altar of Uskayaw.
  2645 | D:4      | Identified the +0 hand axe of the Magi {speed, rF- Str+9
                  | Int-4 SInv}
  2932 | D:4      | Found a glowing drain.
  2952 | D:4      | Reached XP level 7. HP: 37/55 MP: 7/7
  2954 | Sewer    | Entered a sewer
  3067 | Sewer    | Noticed a water moccasin
  3086 | Sewer    | Killed a water moccasin
  3087 | Sewer    | Reached skill level 5 in Fighting
  3087 | Sewer    | Reached skill level 5 in Armour
  3087 | Sewer    | Reached skill level 6 in Shields
  3762 | D:4      | Reached XP level 8. HP: 58/63 MP: 8/8
  3893 | D:5      | Entered Level 5 of the Dungeon
  3956 | D:5      | Reached skill level 1 in Throwing
  4208 | D:5      | Found Wiakhl Xoadgh's Jewellery Shoppe.
  4242 | D:5      | Reached skill level 7 in Shields
  4533 | D:5      | Reached skill level 5 in Axes
  4971 | D:5      | Reached XP level 9. HP: 46/69 MP: 9/9
  5209 | D:6      | Found an opulent altar of Gozag.
  5284 | D:6      | Found a sand-covered staircase.
  5289 | Ossuary  | Entered an ossuary
  5498 | Ossuary  | Reached skill level 8 in Shields
  5997 | D:6      | Identified the amulet "Doxo" {rPois Regen+ Int-3 Slay+4}
  6181 | D:6      | Found Ea-nāṣir's Fine Metal Goods.
  6258 | D:6      | Found a glowing golden altar of the Shining One.
  6388 | D:6      | Found a staircase to the Ecumenical Temple.
  6857 | D:7      | Noticed Pikel
  6881 | D:7      | Killed Pikel
  6882 | D:7      | Reached skill level 5 in Throwing
  6984 | D:7      | Reached XP level 10. HP: 78/79 MP: 10/10
  7039 | D:7      | Found a radiant altar of Vehumet.
  7230 | D:7      | Noticed Duvessa
  7232 | D:7      | Noticed Dowan
  7249 | D:8      | You fall into a shaft and drop 1 floor!
  7559 | D:9      | Found a hazy altar of Hepliaklqana.
  7578 | D:9      | Reached skill level 9 in Shields
  7821 | D:8      | Killed Duvessa
  7831 | D:8      | Killed Dowan
  7994 | D:8      | HP: 2/80 [steam dragon/ball of steam (4)]
  7996 | D:8      | You fall into a shaft and drop 2 floors!
  7996 | D:10     | Entered Level 10 of the Dungeon
  8273 | D:10     | Noticed a rime drake
  8275 | D:10     | Reached XP level 11. HP: 49/86 MP: 11/11
  8517 | D:10     | Reached skill level 10 in Shields
  8593 | D:9      | Found a burning altar of Makhleb.
  9126 | D:8      | Found a large runed translucent door.
  9127 | D:8      | Found a large runed translucent door.
  9237 | D:8      | Found an ornate altar of the Wu Jian Council.
  9427 | D:8      | Found a snail-covered altar of Cheibriados.
  9432 | D:8      | Found a broken altar of Ashenzari.
  9626 | D:7      | Noticed Joseph
  9647 | D:7      | Killed Joseph
 10037 | D:10     | Found a glowing silver altar of Zin.
 10048 | D:10     | Found a staircase to the Lair.
 10909 | D:11     | Found a staircase to the Orcish Mines.
 11145 | D:11     | Reached skill level 11 in Shields
 11189 | D:11     | Found a portal to a secret trove of treasure.
 11411 | D:11     | Noticed a two-headed ogre
 11415 | D:11     | Killed a two-headed ogre
 11484 | D:11     | You fall into a shaft and drop 2 floors!
 11484 | D:13     | Found Koufis's Island Escapes.
 11515 | D:13     | Noticed a two-headed ogre
 11535 | D:14     | Found a sparkling altar of Nemelex Xobeh.
 11546 | D:14     | Noticed a five-headed hydra
 11558 | D:14     | Noticed a cyclops
 11572 | D:13     | Killed a cyclops
 11573 | D:13     | Reached XP level 12. HP: 74/97 MP: 12/12
 11603 | D:13     | Found a runed translucent gate.
 11603 | D:13     | Found a runed translucent gate.
 11603 | D:13     | Found a runed translucent gate.
 11603 | D:13     | Noticed Kokhlaf's ghost (journeyman DECj)
 11604 | D:13     | Noticed a centaur warrior
 11840 | D:11     | Reached skill level 10 in Fighting
 11847 | D:11     | Reached skill level 10 in Armour
 12006 | Temple   | Entered the Ecumenical Temple
 12056 | Temple   | Became a worshipper of Warmaster Okawaru
 12205 | Lair:1   | Entered Level 1 of the Lair of Beasts
 12244 | Lair:1   | Reached skill level 1 in Invocations
 12525 | Lair:1   | Reached skill level 12 in Shields
 12792 | Lair:1   | Reached * piety under Okawaru
 13080 | Lair:1   | Noticed Maggie
 13097 | Lair:1   | Killed Maggie
 13598 | Lair:2   | Found a gate leading to a gauntlet.
 13603 | Gauntlet | Entered a Gauntlet
 13603 | Gauntlet | Found a transporter.
 13603 | Gauntlet | Found a transporter.
 13609 | Gauntlet | Found a transporter.
 13609 | Gauntlet | Noticed a death scarab
 13630 | Gauntlet | Found a transporter.
 13638 | Gauntlet | Found a transporter.
 13639 | Gauntlet | Found a transporter.
 13639 | Gauntlet | Found a transporter.
 13641 | Gauntlet | Found a transporter.
 13642 | Gauntlet | Found a transporter.
 13647 | Gauntlet | Noticed a great orb of eyes
 13651 | Gauntlet | Noticed a green death
 13662 | Gauntlet | Found a transporter.
 13669 | Gauntlet | Found a transporter.
 13676 | Gauntlet | Noticed a death drake
 13679 | Gauntlet | Found a transporter.
 13693 | Gauntlet | Found a transporter.
 13713 | Gauntlet | Found a transporter.
 13940 | Gauntlet | Noticed a soul eater
 13951 | Gauntlet | Noticed a goliath frog
 14152 | Gauntlet | Reached ** piety under Okawaru
 14206 | Gauntlet | Reached skill level 5 in Invocations
 14393 | Gauntlet | Killed a great orb of eyes
 14393 | Gauntlet | Reached *** piety under Okawaru
 14394 | Gauntlet | Reached XP level 13. HP: 96/105 MP: 17/17
 14424 | Gauntlet | Noticed a minotaur
 14434 | Gauntlet | Killed a minotaur
 14444 | Gauntlet | Identified the +1 robe of Xilytyk {rC+++ Will- Str+5}
 14452 | Gauntlet | Got Sif Muna's Anthology of Elsewhere
 14455 | Gauntlet | Got Ashun's Vademecum on Intoxicating Reconstruction
 14543 | Lair:2   | Received a gift from Okawaru
 14911 | Lair:2   | Found a staircase to the Snake Pit.
 15527 | Lair:3   | Reached skill level 13 in Shields
 15577 | Lair:3   | Noticed an eight-headed hydra
 15582 | Lair:3   | Killed an eight-headed hydra
 15583 | Lair:3   | Reached skill level 10 in Axes
 16309 | Lair:3   | Received a gift from Okawaru
 16670 | Lair:4   | Noticed Josephine
 16673 | Lair:4   | Reached **** piety under Okawaru
 16684 | Lair:4   | Killed Josephine
 17235 | Lair:4   | Found a viscous altar of Jiyva.
 17351 | Lair:4   | Noticed Nessos
 17358 | Lair:4   | Killed Nessos
 17466 | Lair:4   | Found a staircase to the Slime Pits.
 17597 | Lair:5   | Entered Level 5 of the Lair of Beasts
 17608 | Lair:5   | Reached skill level 14 in Shields
 17628 | Lair:5   | Reached ***** piety under Okawaru
 17629 | Lair:5   | Reached XP level 14. HP: 103/114 MP: 19/19
 17644 | Lair:5   | Identified the +2 leather armour of Ommirad {Harm *Corrode
                  | rElec Will+}
 18053 | Lair:5   | Found a burning altar of Makhleb.
 18203 | Lair:5   | Found a gateway to Hell.
 18212 | Lair:5   | Identified the +10 quarterstaff of Horakoa {antimagic,
                  | Dex+3}
 18445 | Lair:5   | Received a gift from Okawaru
 18463 | Lair:5   | Reached skill level 15 in Shields
 18805 | Lair:5   | Reached XP level 15. HP: 27/122 MP: 20/20
 18961 | Lair:5   | Identified the +0 leather armour "Kutub" {rPois Dex+5}
 19269 | Lair:5   | Identified a scroll of acquirement
 19270 | Lair:5   | Acquired 780 gold pieces
 19492 | Orc:1    | Entered Level 1 of the Orcish Mines
 19532 | Orc:1    | Found a frozen archway.
 19549 | IceCv    | Entered an ice cave
 19559 | IceCv    | Identified the scarf "Sainaoch" {rC+ rF+, rElec Regen+
                  | Stlth-} (Okawaru gifted it to you in an ice cave)
 19559 | IceCv    | Received a gift from Okawaru
 19599 | IceCv    | Found a transporter.
 19609 | IceCv    | Found a transporter.
 20045 | Orc:2    | Entered Level 2 of the Orcish Mines
 20327 | Orc:2    | Noticed an orc warlord
 20431 | Orc:1    | Killed an orc warlord
 20512 | Orc:2    | Found a staircase to the Elven Halls.
 21058 | Orc:2    | Reached skill level 10 in Throwing
 21135 | Orc:2    | Found Bops's Jewellery Emporium.
 21135 | Orc:2    | Found Cuok's Antique Weapon Shoppe.
 21141 | Orc:2    | Found Pomeuw's Jewellery Emporium.
 21141 | Orc:2    | Found Ixebbih's Weapon Shoppe.
 21440 | Orc:2    | Bought a +6 ring of strength for 504 gold pieces
 21637 | D:11     | Found Budis's Antique Armour Shop.
 21880 | D:12     | Noticed Gastronok
 21886 | D:12     | Killed Gastronok
 22399 | D:13     | Noticed Kirke
 22414 | D:13     | Reached skill level 16 in Shields
 22416 | D:13     | Killed Kirke
 22491 | D:13     | Received a gift from Okawaru
 22608 | D:13     | Identified the +1 kite shield of Bent {Str+3} (Okawaru
                  | gifted it to you on level 13 of the Dungeon)
 22608 | D:13     | Received a gift from Okawaru
 22655 | D:13     | Noticed a shadow dragon
 22656 | D:13     | Identified the amulet "Ohoshr Suul" {RegenMP Fly rCorr
                  | Str+4}
 22660 | D:13     | Noticed a tengu reaver
 22746 | D:12     | Killed from afar by a shadow dragon

Illustrated notes

Levels and vault maps discovered:
D:1:      kb_arrival_jail, layout_basic
D:2:      layout_basic, chequers_mini_garden, corexii_shack,
          chequers_serial_rivers_room_a, uniq_natasha
D:3:      minmay_bubble_buster, layout_loops_ring, nicolae_uskayaw_dance_hall,
          serial_shops, shop, minmay_rat_hole
D:4:      layout_loops_ring, cheibrodos_sewer_entry_sluice, serial_undead,
          serial_undead_e, serial_undead_b, serial_undead_d, serial_undead_b
D:5:      layout_basic, serial_shops, shop, minmay_misc_feat_hallway
D:6:      layout_cave_pools, grunt_gozag_breadcrumbs, lemuel_doored_altar,
          lemuel_temple_firewalk_b, nicolae_ossuary_entry_catacombs,
          serial_rivers, chequers_serial_rivers_large_b,
          chequers_serial_rivers_micro_c, chequers_serial_rivers_micro_b,
          chequers_serial_rivers_large_a, chequers_serial_rivers_micro_d,
          st_stairs_14, nicolae_ea-nasir_strikes_again,
          hangedman_abyss_or_decor_lesser_grid
D:7:      layout_basic, mainiacjoe_overflow_boulevard, uniq_joseph,
          uniq_duvessa, uniq_pikel
D:8:      layout_basic, jmf_multi_god_temple2, general_overflow_altar,
          minmay_misc_feat_four_crosses
D:9:      layout_basic, bloody_makhleb, mainiacjoe_overflow_chevrons
D:10:     layout_basic, zin_scriptorium, hellmonk_lair_entry_icy
D:11:     layout_long_grid, orc_0_dummy, enter_trove_2, serial_shops,
          kennysheep_mini_moat
D:12:     layout_irregular_city, uniq_gastronok
D:13:     evilmike_diamond_2, layout_rooms, erik_vaults_1,
          gammafunk_ghost_split, hellmonk_bongcloud_opening,
          nicolae_island_escapes, uniq_kirke, uniq_sonja
D:14:     gammafunk_worm_tunnel, layout_loops_ring, nemelex_lonely_heart_becter,
          nicolae_ru_path_of_blood
Temple:   hc_temple_tempest_star
Lair:1:   layout_layer_cave, uniq_maggie
Lair:2:   layout_misc_corridors, nicolae_snake_entry_warm_welcome,
          gauntlet_entry_generic, infiniplex_staircase_pool
Lair:3:   layout_regular_city, nicolae_shoals_entry_flooding
Lair:4:   layout_big_grid, slime_entry_1, st_stairs_10, patterned_corridor,
          serial_bayou_shore_b, uniq_josephine, uniq_nessos
Lair:5:   evil_forest, layout_cave_shapes, minivault_25,
          nicolae_quartered_pool_super
Orc:1:    layout_caves, portal_ice_cave_entry_imps, nooodl_orcs_dogs
Orc:2:    st_orc_mages, layout_diamond_mine, basic_altar

Skill      XL: |  1  2  3  4  5  6  7  8  9 10 11 12 13 14 15 |
---------------+----------------------------------------------+-----
Fighting       | 4 5 6 7 8 9 10 11 12 13 | 13.9
Armour         | 4 5 6 7 8 9 10 11 12 13 | 13.9
Shields        | 5 6 7 8 9 11 12 14 15 16 | 16.3
Axes           | 3 4 5 6 7 8 9 10 11 12 | 12.6
Throwing       | 3 5 7 9 10 | 10.2
Invocations    | 6 7 |  7.7

Action                     |  1- 3 |  4- 6 |  7- 9 | 10-12 | 13-15 || total
---------------------------+-------+-------+-------+-------+-------++-------
  Melee: War axe           |    89 |   168 |       |       |       ||   257
         Hand axe          |       |    27 |   556 |   837 |   541 ||  1961
         Broad axe         |       |       |       |       |   480 ||   480
  Throw: Javelin           |       |       |     2 |     5 |    38 ||    45
         Boomerang         |       |       |       |       |    47 ||    47
         Throwing net      |       |       |       |       |     4 ||     4
 Invoke: Heroism           |       |       |       |     2 |    22 ||    24
         Finesse           |       |       |       |       |     1 ||     1
Ability: Shaft Self        |       |       |       |     3 |       ||     3
         Dig               |       |       |       |     1 |       ||     1
  Evoke: Wand              |       |       |       |     2 |       ||     2
    Use: Scroll            |       |     3 |       |    11 |    13 ||    27
         Potion            |       |       |       |     5 |     6 ||    11
 Armour: Scale mail        |    21 |       |       |       |       ||    21
         Chain mail        |    18 |    93 |   152 |    93 |       ||   356
         Plate armour      |       |       |       |   184 |   298 ||   482
  Dodge: Dodged            |    23 |    52 |    90 |   163 |   205 ||   533
  Block: Buckler           |     6 |       |       |       |       ||     6
         Tower shield      |    50 |   200 |   324 |   638 |   996 ||  2208
